 Dungeon Crawl Stone Soup version 0.31-a0-1236-gaa9e43cceb (webtiles) character file.

Game seed: 3889053070055833713

1 Decritt the Shooter (level 1, 4/12 HPs)
             Began as a Deep Elf Hunter on Nov 17, 2023.
             Quit the game on level 1 of the Dungeon on Dec 15, 2023.
             The game lasted 00:01:37 (47 turns).

Decritt the Shooter (Deep Elf Hunter)                 Turns: 47, Time: 00:01:38

Health: 4/12       AC:  3    Str:  8    XL:     1   Next: 16%
Magic:  3/3        EV: 12    Int: 13    God:
Gold:   0          SH:  0    Dex: 18    Spells: 0/0 levels left

rFire   . . .        a - +0 shortbow
rCold   . . .        (shield currently unavailable)
rNeg    . . .        c - +0 leather armour
rPois   .            (no helmet)
rElec   .            (no cloak)
rCorr   .            (no gloves)
SInv    .            (no boots)
Will    .....        (no amulet)
Stlth   ++           (no ring)
HPRegen 0.22/turn    (no ring)
MPRegen 0.08/turn

%: no passive effects
@: no status effects
A: no striking features
a: no special abilities


You were on level 1 of the Dungeon.
You visited 1 branch of the dungeon, and saw 1 of its levels.

Inventory:

Hand Weapons
 a - a +0 shortbow (weapon)
Armour
 c - a +0 leather armour (worn)
Scrolls
 b - a scroll of butterflies


   Skills:
 + Level 1.6 Fighting
 + Level 5.3 Ranged Weapons
 + Level 2.4 Dodging
 + Level 1.3 Stealth


You couldn't memorise any spells.
You didn't know any spells.
Your spell library was empty.

Dungeon Overview and Level Annotations

Branches:
Dungeon (1/15)

Altars:


Message History

Welcome back, Decritt the Deep Elf Hunter.
Press ? for a list of commands and other information.
Options error: Extraneous enemy hp color values ignored in 'green green brown brown magenta red lightgrey' (~/.crawlrc:28) Welcome back, Decritt the Deep Elf Hunter.
Press ? for a list of commands and other information.
Found a hand axe.
Found a stone staircase leading down.
A goblin and a frilled lizard come into view.
The frilled lizard hisses angrily.
The goblin shouts!
You hear a shout!
A hobgoblin comes into view.
You hear a shout!
A goblin comes into view. It is wielding a +0 club.
The frilled lizard barely misses you.
A kobold comes into view. It is wielding a +0 dagger.
The frilled lizard attacks as it pursues you!
The frilled lizard closely misses you.
You shoot an arrow. The arrow hits the goblin.
The goblin is heavily wounded.
The goblin hits you with a +0 dagger.
The frilled lizard completely misses you.
You shoot an arrow. The arrow hits the goblin!
You kill the goblin!
The frilled lizard bites you.
You shoot an arrow.
The arrow closely misses the frilled lizard.
The frilled lizard misses you. The hobgoblin barely misses you.
You shoot an arrow.
The arrow barely misses the frilled lizard.
The frilled lizard barely misses you. The hobgoblin hits you.
* * * LOW HITPOINT WARNING * * *
The frilled lizard attacks as it pursues you!
The frilled lizard closely misses you.
You shoot an arrow.
The arrow hits the hobgoblin but does no damage.
The hobgoblin misses you. The frilled lizard bites you.
* * * LOW HITPOINT WARNING * * *
The hobgoblin hits you.
* * * LOW HITPOINT WARNING * * *
Are you sure you want to abandon this character and quit the game? (Confirm with "yes".)

###................^.
###########.#######
#.......# #.......#
#.......# #.......#
#.......# #.......#
#.....)@# #.>...gl#
#......K#######
#..............
#..............
#..............
#####..........
#..........
#..........


You could see a hobgoblin, a kobold and a frilled lizard.

Vanquished Creatures
  A goblin (D:1)
1 creature vanquished.

Notes
Turn   | Place    | Note
-------+----------+-------------------------------------------
     0 | D:1      | Decritt the Deep Elf Hunter began the quest for the Orb.
     0 | D:1      | Reached XP level 1. HP: 12/12 MP: 3/3
     0 | D:1      | Upgraded the game from 0.31-a0-1019-g3dd9dd1025 to
                  | 0.31-a0-1236-gaa9e43cceb
    47 | D:1      | Quit the game

Illustrated notes

Levels and vault maps discovered:
D:1:      dpeg_arrival_chambers_temple_mockup, layout_basic,
          ebering_dispersal_statue_hall

Action                     || total
---------------------------++-------
   Fire: Shortbow          ||     5
 Armour: Leather armour    ||     5
  Dodge: Dodged            ||     8

Table legend: (Time is in decaauts)
 A = Elapsed time spent in this place.
 B = Non-inter-level travel time spent in this place.
 C = Inter-level travel time spent in this place.
 D = Time resting spent in this place.
 E = Time spent auto-exploring this place.
 F = Levels seen in this place.
 G = Mean time per level.
                   A        B        C        D        E       F      G
               +--------+--------+--------+--------+--------+-----+--------+
         Total |     48 |     48 |      0 |      0 |      0 |   1 |   48.0 |
       Dungeon |     48 |     48 |      0 |      0 |      0 |   1 |   48.0 |
               +--------+--------+--------+--------+--------+-----+--------+

Top non-repeatable levels by time:
     D:1: 48 daAuts
